 Dungeon Crawl Stone Soup version 0.29-a0-1023-g6ae1a4a2c7 (webtiles) character file.

Game seed: 1623613792168402315

255 Araneus the Cudgeller (level 5, 0/41 HPs)
             Began as a Demonspawn Fighter on Aug 11, 2022.
             Slain by an orc
             ... wielding a +2 vorpal mace
              (8 damage)
             ... on level 4 of the Dungeon.
             The game lasted 00:03:44 (2191 turns).

Araneus the Cudgeller (Demonspawn Fighter)          Turns: 2191, Time: 00:03:45

Health: 0/41       AC: 10    Str: 18    XL:     5   Next: 91%
Magic:  5/5        EV:  6    Int:  9    God:
Gold:   94         SH:  0    Dex: 13    Spells: 4/4 levels left

rFire   . . .      SeeInvis .   a - +0 flail
rCold   . . .      Faith    .   c - +0 buckler
rNeg    . . .      Spirit   .   g - +0 chain mail
rPois   .          Reflect  .   (helmet restricted)
rElec   .          Harm     .   (no cloak)
rCorr   .          Rampage  .   (no gloves)
Will    .....                   (no boots)
Stlth   ..........              (no amulet)
HPRegen 0.13/turn               (no ring)
MPRegen 0.09/turn               (no ring)

@: confused
A: horns 1, icy blue scales 1, demonic guardian 1
a: no special abilities


You were on level 4 of the Dungeon.
You visited 1 branch of the dungeon, and saw 4 of its levels.

You collected 118 gold pieces.
You spent 24 gold pieces at shops.

Inventory:

Hand Weapons
 a - a +0 flail (weapon)
Armour
 c - a +0 buckler (worn)
 g - a +0 chain mail (worn)
Jewellery
 h - an amulet of regeneration
Wands
 m - a wand of paralysis (1)
Scrolls
 b - a scroll of poison {unknown}
 f - a scroll of torment {unknown}
 j - 2 scrolls of enchant armour {unknown}
 k - 2 scrolls of identify
 n - a scroll of blinking {unknown}
Potions
 d - a potion of might
 e - 2 potions of attraction {unknown}
 i - a potion of heal wounds {unknown}
 l - a potion of flight {unknown}


   Skills:
 - Level 3.0 Fighting
 + Level 4.8 Maces & Flails
 - Level 2.6 Armour
 + Level 4.0 Shields


You had 4 spell levels left.
You didn't know any spells.
Your spell library was empty.

Dungeon Overview and Level Annotations

Branches:
Dungeon (4/15)
 Temple: D:4-7

Altars:
Ru

Shops:
D:3 ?[   D:4 :


Innate Abilities, Weirdness & Mutations

You have a pair of small horns on your head.
You are partially covered in icy blue scales. (AC +2)
A weak demonic guardian rushes to your aid.


Message History

Your white imp gestures at the goblin.
The puff of frost misses the goblin.
You closely miss the goblin.
The goblin unwields a +0 sling.
The goblin wields a +0 club.
The goblin hits you but does no damage.
Your white imp gestures at the goblin.
The puff of frost misses the goblin.
You hit the goblin.
The goblin is severely wounded.
Your white imp gestures at the goblin.
The puff of frost hits the goblin!
The goblin dies!
An orc comes into view. It is wielding a +0 hand axe.
The orc wizard casts a spell at you.
You are confused.
The orc wizard barely misses your white imp.
Your white imp misses the orc wizard.
The orc wizard closely misses your white imp.
Your white imp disappears in a puff of smoke!
You're too confused to move!
The orc wizard points at you and mumbles some strange words.
You are more confused.
You're too confused to move!
An orc comes into view. It is wielding a +0 dagger.
The orc shouts!
You hit the orc but do no damage. You headbutt the orc, but do no damage.
The orc wizard gestures at you while chanting.
You are more confused.
The orc hits you with a +2 vorpal mace.
You barely miss the orc.
The orc wizard hits you but does no damage.
The orc hits you but does no damage.
You bump into the rock wall.
The orc wizard hits you but does no damage.
The orc hits you with a +2 vorpal mace.
* * * LOW HITPOINT WARNING * * *
A demonic guardian appears!
* * * LOW HITPOINT WARNING * * *
An orc comes into view. It is wielding a +0 flail.
You bump into the rock wall.
The orc hits you with a +2 vorpal mace!
You die...

....... g##
#...#..... .
#.#####...#.... ..
#...........#. .#
#######.##...#o#..
#.# ...o.
####o###..#
#ooo.o...#
#@#####........
###.# #.######.
#.5.# #.# #.#.#
#.# #.#.# #.#
#.#.. ..# #.####
### #.# #<#


You could see an orc wizard (ally target), 4 orcs and a friendly quasit
(summoned).

Vanquished Creatures
  A necrophage (D:3)
  Natasha (twice) (D:4)
  An adder (D:3)
  2 dart slugs
  5 orcs
  2 ball pythons (D:1)
  2 endoplasms (D:1)
  A giant cockroach (D:1)
  3 goblins (D:3)
  4 hobgoblins (D:1)
  3 jackals (D:1)
  2 quokkas (D:1)
  2 bats (D:3)
  A frilled lizard (D:1)
  2 kobolds
  8 rats (D:1)
41 creatures vanquished.

Vanquished Creatures (collateral kills)
  A scorpion (D:4)
  Natasha (D:4)
  A goblin (D:4)
3 creatures vanquished.

Grand Total: 44 creatures vanquished

Notes
Turn   | Place    | Note
-------+----------+-------------------------------------------
     0 | D:1      | Araneus the Demonspawn Fighter began the quest for the Orb.
     0 | D:1      | Reached XP level 1. HP: 18/18 MP: 1/1
   430 | D:1      | Gained mutation: A weak demonic guardian rushes to your
                  | aid. [demonic ancestry]
   430 | D:1      | Reached XP level 2. HP: 24/24 MP: 2/2
  1051 | D:1      | Gained mutation: You are partially covered in icy blue
                  | scales. (AC +2) [demonic ancestry]
  1051 | D:1      | Reached XP level 3. HP: 29/29 MP: 3/3
  1124 | D:2      | You fall into a shaft and drop 1 floor!
  1134 | D:3      | Found Behej's Magic Scroll Shop.
  1142 | D:3      | Bought a scroll of identify for 24 gold pieces
  1437 | D:3      | Found a faded altar of an unknown god.
  1608 | D:3      | Noticed a necrophage
  1626 | D:3      | Killed a necrophage
  1627 | D:3      | Reached XP level 4. HP: 15/35 MP: 4/4
  2008 | D:3      | Found Ikualawk's Antique Armour Shop.
  2094 | D:4      | Found a sacrificial altar of Ru.
  2127 | D:4      | Noticed Natasha
  2136 | D:4      | Killed Natasha
  2137 | D:4      | Gained mutation: You have a pair of small horns on your
                  | head. [demonic ancestry]
  2137 | D:4      | Reached XP level 5. HP: 17/41 MP: 5/5
  2153 | D:4      | Noticed Natasha
  2160 | D:4      | Killed Natasha
  2160 | D:4      | Noticed Natasha
  2164 | D:4      | Found Xeh Ydeh's Book Emporium.
  2173 | D:4      | Killed Natasha
  2191 | D:4      | Slain by an orc

Illustrated notes

Levels and vault maps discovered:
D:1:      ebering_hopf_link, layout_loops_ring, minmay_rat_gold_closets
D:2:      layout_rooms, basic_altar, minmay_domino_4
D:3:      layout_loops_ring, hellmonk_ecumenical_altar_blasted, serial_shops,
          shop, shop
D:4:      layout_loops_ring, nicolae_ru_the_path_less_chosen, serial_shops,
          nicolae_shop_advertising_works [nicolae_subvault_shop_adworks],
          minmay_manual_mess, uniq_natasha

Skill      XL: |  1  2  3  4  5 |
---------------+----------------+-----
Shields        | 3 4 |  4.0
Maces & Flails | 2 3 4 |  4.8
Fighting       | |  3.0
Armour         | |  2.6

Action                   |  1- 3 |  4- 6 || total
-------------------------+-------+-------++-------
Melee: Flail             |   127 |    21 ||   148
       Headbutt          |       |     3 ||     3
Evoke: Wand              |     1 |       ||     1
 Stab: Distracted        |       |     1 ||     1
Armor: Scale mail        |    39 |       ||    39
       Chain mail        |    33 |    13 ||    46
Dodge: Dodged            |    58 |       ||    58
Block: Buckler           |    24 |     4 ||    28

Table legend: (Time is in decaauts)
 A = Elapsed time spent in this place.
 B = Non-inter-level travel time spent in this place.
 C = Inter-level travel time spent in this place.
 D = Time resting spent in this place.
 E = Time spent auto-exploring this place.
 F = Levels seen in this place.
 G = Mean time per level.
                   A        B        C        D        E       F      G
               +--------+--------+--------+--------+--------+-----+--------+
         Total |   2237 |   2204 |     33 |     17 |   1846 |   4 |  559.2 |
       Dungeon |   2237 |   2204 |     33 |     17 |   1846 |   4 |  559.2 |
               +--------+--------+--------+--------+--------+-----+--------+

Top non-repeatable levels by time:
     D:1: 1150 daAuts
     D:3: 970 daAuts
     D:4: 116 daAuts
